 Dungeon Crawl Stone Soup version 0.25-a0-163-g00f8f0cddd (webtiles) character file.

Game seed: 3032373702176489885, levelgen mode: deterministic

253 Fukker the Chopper (level 5, -4/42 HPs)
             Began as a Minotaur Gladiator on Nov 22, 2019.
             Slain by an orc warrior
             ... wielding a +0 trident
              (10 damage)
             ... on level 5 of the Dungeon.
             The game lasted 00:05:12 (2523 turns).

Fukker the Chopper (Minotaur Gladiator)             Turns: 2523, Time: 00:05:13

Health: -4/42      AC:  4    Str: 19    XL:     5   Next: 90%
Magic:  4/4        EV: 12    Int:  5    God:
Gold:   141        SH:  6    Dex: 12    Spells: 4/4 levels left

rFire    . . .     SeeInvis .   a - +0 war axe
rCold    . . .     Gourm    .   m - +2 buckler
rNeg     . . .     Faith    .   b - +0 leather armour
rPois    .         Spirit   .   c - +0 hat
rElec    .         Reflect  .   (no cloak)
rCorr    .         Harm     .   (no gloves)
MR       .....                  w - +0 pair of boots
Stlth    +.........             (no amulet)
HPRegen  0.14/turn              (no ring)
MPRegen  0.09/turn              (no ring)

@: no status effects
A: retaliatory headbutt, horns 2
a: no special abilities


You were on level 5 of the Dungeon.
You were not hungry.

You visited 1 branch of the dungeon, and saw 5 of its levels.

You collected 141 gold pieces.

Inventory:

Hand Weapons
 a - a +0 war axe (weapon)
Missiles
 d - 3 throwing nets
 g - 7 poisoned darts
 l - 6 javelins (quivered)
 q - 31 arrows
 v - 112 stones
Armour
 b - a +0 leather armour (worn)
 c - a +0 hat (worn)
 m - a +2 buckler (worn)
 w - a +0 pair of boots (worn)
Jewellery
 y - an uncursed ring of flight {unknown}
Wands
 t - a wand of digging (2)
Scrolls
 e - 4 scrolls of remove curse {unknown}
 j - 4 scrolls of teleportation {unknown}
 k - a scroll of amnesia {unknown}
 o - 5 scrolls of identify {unknown}
 s - a scroll of random uselessness {unknown}
 u - a scroll of immolation {unknown}
Potions
 h - a potion of heal wounds {unknown}
 i - 5 potions of curing
 n - a potion of mutation {unknown}
 p - a potion of might {unknown}
 r - a potion of lignification {unknown}
 x - a potion of berserk rage {unknown}
 z - a potion of degeneration {unknown}
Comestibles
 f - 5 rations


   Skills:
 - Level 2.4 Fighting
 + Level 6.6 Axes
 + Level 2.2 Throwing
 + Level 2.8 Armour
 - Level 3.2 Dodging
 * Level 2.6 Shields


You had 4 spell levels left.
You didn't know any spells.
Your spell library was empty.

Dungeon Overview and Level Annotations

Branches:
Dungeon (6/15)
 Temple: D:4-7

Altars:
Wu Jian
The Shining One


Innate Abilities, Weirdness & Mutations

You reflexively headbutt those who attack you in melee.
You have a pair of horns on your head.


Message History

You hit the orc priest.
The orc warrior hits you but does no damage.
The orc priest begins to cast a cantrip, but forgets the words!
You slash the orc warrior! Your headbutt misses the orc warrior.
The orc warrior is severely wounded.
You closely miss the orc priest.
The orc warrior hits you with a +0 trident!!
Ouch! That really hurt!
The orc priest hits you but does no damage.
You are too injured to fight recklessly!
You hit the orc warrior.
The orc warrior is severely wounded.
You slash the orc priest!
The orc warrior hits you with a +0 trident!
* * * LOW HITPOINT WARNING * * *
The orc priest hits you but does no damage.
The orc priest calls upon Beogh to heal the orc priest.
The orc priest is healed somewhat.
The orc warrior hits you with a +0 trident!
You die...

##.# #.##
######..######
..............
###
#######.######
#.. #.# # #.#
#.#
#.##(######.
#.#
#...ooo.....
#.#
#.####@#####
#.#
#..........#
#.#
######.###.#
#.# ........#
#.# #.#
######..#
#.#####.# #..#
#.....#.# ...#
#####.#.#
.#.## #...#
.#. #####


You could see an orc warrior and 2 orc priests.

Vanquished Creatures
  A gnoll shaman (D:5)
  2 orc wizards (D:5)
  A bullfrog skeleton (D:6)
  4 gnolls (D:5)
  3 adders
  An adder skeleton (D:5)
  A worm (D:3)
  2 leopard geckos
  9 orcs
  4 bats
  6 giant cockroaches
  5 goblins
  8 hobgoblins
  A ball python (D:3)
  7 frilled lizards
  5 kobolds
60 creatures vanquished.

Notes
Turn   | Place    | Note
-------+----------+-------------------------------------------
     0 | D:1      | Fukker the Minotaur Gladiator began the quest for the Orb.
     0 | D:1      | Reached XP level 1. HP: 18/18 MP: 0/0
    70 | D:1      | Reached skill level 4 in Axes
   170 | D:1      | Reached XP level 2. HP: 21/25 MP: 1/1
   800 | D:2      | Reached skill level 1 in Shields
  1150 | D:3      | Reached XP level 3. HP: 30/30 MP: 2/2
  1174 | D:3      | Reached skill level 1 in Armour
  1340 | D:3      | Found a glowing golden altar of the Shining One.
  1340 | D:3      | Found an ornate altar of the Wu Jian Council.
  1457 | D:3      | Reached skill level 5 in Axes
  1512 | D:3      | Reached XP level 4. HP: 31/37 MP: 3/3
  1709 | D:3      | You fall into a shaft and drop 3 floors!
  1730 | D:6      | Found a glowing golden altar of the Shining One.
  1752 | D:6      | Noticed a black bear
  1760 | D:5      | Entered Level 5 of the Dungeon
  1824 | D:5      | Reached XP level 5. HP: 13/42 MP: 4/4
  2252 | D:5      | Reached skill level 6 in Axes
  2513 | D:5      | Noticed an orc warrior
  2523 | D:5      | Slain by an orc warrior

Levels and vault maps discovered:
D:1:      dpeg_arrival_renting, layout_basic, hangedman_decor_peaks_small
D:2:      layout_loops_ring, st_stairs_6
D:3:      layout_loops_cross, nicolae_overflow_hidden_temple, first_ration,
          nemelex_dance_club_becter
D:5:      layout_basic, uniq_crazy_yiuf_cottage
D:6:      wander_guarded_unrand_ratskin, layout_basic,
          overflow_temple_1_default, lemuel_doored_altar, serial_shops, shop,
          tso_metal_star

Skill      XL: |  1  2  3  4  5 |
---------------+----------------+-----
Axes           | 4 5 6 |  6.6
Shields        | 1 2 |  2.6
Armour         | 1 2 |  2.8
Fighting       | |  2.4
Throwing       | |  2.2
Dodging        | |  3.2

Action                   |  1- 3 |  4- 6 || total
-------------------------+-------+-------++-------
Melee: War axe           |    78 |    43 ||   121
       Headbutt          |    15 |    11 ||    26
Throw: Dart              |       |     3 ||     3
  Eat: Chunk             |     2 |       ||     2
       Ration            |       |     1 ||     1
Armor: Leather armour    |     9 |     6 ||    15
Dodge: Dodged            |    54 |    26 ||    80
Block: Buckler           |    11 |     8 ||    19

Table legend:
 A = Non-vault XP
 B = Vault XP
 C = Vault XP percentage of total XP
 D = Non-vault monster count
 E = Vault monster count
 F = Vault count percentage of total count
                 A         B        C        D         E       F
            +---------+---------+-------+---------+---------+-------
      Total |     360 |       2 |   0.6 |      59 |       1 |   1.7
            +---------+---------+-------+---------+---------+-------
        D:1 |      26 |       0 |   0.0 |      14 |       0 |   0.0
        D:2 |      11 |       2 |  15.4 |       7 |       1 |  12.5
        D:3 |      67 |       0 |   0.0 |      22 |       0 |   0.0
        D:5 |     216 |       0 |   0.0 |      14 |       0 |   0.0
        D:6 |      40 |       0 |   0.0 |       2 |       0 |   0.0
            +---------+---------+-------+---------+---------+-------
